 Dungeon Crawl Stone Soup version 0.26.1-2-gb8aa6d0cf2 (webtiles) character file.

Game seed: 6096591419505642448

37 sking99 the Covered (level 3, -6/31 HPs)
             Began as a Naga Wanderer on Feb 19, 2021.
             Mangled by a gnoll
             ... wielding a +0 flail
              (11 damage)
             ... on level 2 of the Dungeon.
             The game lasted 00:04:38 (1678 turns).

sking99 the Covered (Naga Wanderer)                 Turns: 1678, Time: 00:04:39

Health: -6/31      AC:  3    Str: 15    XL:     3   Next: 39%
Magic:  1/4        EV:  8    Int: 14    God:
Gold:   37         SH:  3    Dex:  8    Spells: 3/4 levels left

rFire    . . .     SeeInvis +   j - +0 dagger (holy)
rCold    . . .     Faith    .   c - +0 buckler
rNeg     . . .     Spirit   .   g - +0 robe
rPois    +         Reflect  .   (no helmet)
rElec    .         Harm     .   k - +0 cloak
rCorr    .         Rampage  .   (no gloves)
Will     .....                  (no barding)
Stlth    +.........             (no amulet)
HPRegen  0.10/turn              (no ring)
MPRegen  0.09/turn              (no ring)

@: very slightly contaminated, very slow
A: large, see invisible, deformed body, poison resistance, slowness 2, spit
poison 1, AC +1
a: Spit Poison


You were on level 2 of the Dungeon.
You visited 1 branch of the dungeon, and saw 2 of its levels.

You collected 37 gold pieces.

Inventory:

Hand Weapons
 j - a +0 dagger of holy wrath (weapon)
Armour
 b - a +0 ring mail
 c - a +0 buckler (worn)
 g - a +0 robe (worn)
 k - a +0 cloak (worn)
Jewellery
 d - an uncursed ring of ice {unknown}
Scrolls
 f - a scroll of identify {unknown}
 h - 3 scrolls of remove curse {unknown}
Potions
 a - a potion of invisibility {unknown}
 e - a potion of brilliance {unknown}
 i - a potion of might {unknown}


   Skills:
 - Level 1.2 Fighting
 - Level 1.0 Bows
 - Level 1.0 Throwing
 - Level 2.4 Armour
 + Level 1.4 Shields
 - Level 1.1 Spellcasting
 + Level 0.9 Conjurations
 * Level 2.3 Fire Magic
 - Level 1.3 Poison Magic


You had 3 spell levels left.
You knew the following spells:

 Your Spells              Type           Power        Failure   Level
a - Foxfire               Conj/Fire      20%          16%         1

Your spell library contained the following spells:

 Spells                   Type           Power        Failure   Level
 Conjure Flame            Conj/Fire      5%           43%         3
 Inner Flame              Hex/Fire       4%           52%         3
 Sticky Flame             Conj/Fire      5%           85%         4
 Fireball                 Conj/Fire      2%           99%         5


Dungeon Overview and Level Annotations

Branches:
Dungeon (2/15)

Altars:
Kikubaaqudgha


Innate Abilities, Weirdness & Mutations

You cannot wear boots.
Your serpentine skin is tough. (AC +1)
You have supernaturally acute eyesight. (SInv)
Armour fits poorly on your strangely shaped body.
Your system is resistant to poisons. (rPois)
You cover ground very slowly.
You can spit poison.


Message History

The gnoll is heavily wounded.
You block the gnoll's attack.
You hit the gnoll.
The gnoll is heavily wounded.
The gnoll hits you with a +0 flail!
Press: ? - help, Shift-Dir - straight line, f - gnoll
Aim: a gnoll, wielding a +0 flail (heavily wounded)
The splash of poison misses the gnoll.
The gnoll hits you with a +0 flail!
* * * LOW HITPOINT WARNING * * *
You closely miss the gnoll.
The gnoll is heavily wounded.
The gnoll hits you with a +0 flail.
* * * LOW HITPOINT WARNING * * *
You barely miss the gnoll.
The gnoll is heavily wounded.
You hit the gnoll but do no damage.
The gnoll is heavily wounded.
You have got your breath back.
The gnoll hits you with a +0 flail!
You die...

#+#...........###...##.g#
#.#...........##.....#..# ##
#.#............#.....#..# ..#
.........###...#.....#..#...##
#.###....# #...##...##.......#
#....<...###....##รท##).......#
#.#..........................#
#>+............^.............#
..#.............@g..........#.
..###....#..................#
..# ..........................
..# ..........................
..## ......................
...# .................... ...#
................ ...# ...
............... ...#....


You could see a gnoll.

Vanquished Creatures
  A gnoll (D:2)
  An adder (D:2)
  A leopard gecko (D:1)
  4 bats (D:1)
  3 giant cockroaches
  A goblin (D:1)
  A hobgoblin (D:2)
  2 kobolds (D:1)
  3 rats
17 creatures vanquished.

Vanquished Creatures (others)
  9 foxfires (D:2)
9 creatures vanquished.

Grand Total: 26 creatures vanquished

Notes
Turn   | Place    | Note
-------+----------+-------------------------------------------
     0 | D:1      | sking99 the Naga Wanderer began the quest for the Orb.
     0 | D:1      | sking99 set off with the following items: a +0 club, a +0
                  | ring mail, a +0 buckler; and the following spell memorised:
                  | Foxfire; and the following spells available to memorise:
                  | Conjure Flame, Inner Flame, Sticky Flame, Fireball
     0 | D:1      | Reached XP level 1. HP: 18/18 MP: 2/2
   705 | D:1      | Reached XP level 2. HP: 23/25 MP: 3/3
  1272 | D:2      | Reached XP level 3. HP: 23/31 MP: 4/4
  1376 | D:2      | Found an ancient bone altar of Kikubaaqudgha.
  1678 | D:2      | Mangled by a gnoll

Illustrated notes

Levels and vault maps discovered:
D:1:      matt_arrival_los_fun, layout_loops_corners
D:2:      layout_basic, marbit_many_paths, uniq_jessica

Skill      XL: |  1  2 |
---------------+-------+-----
Fire Magic     | 2 |  2.3
Fighting       | |  1.2
Bows           | |  1.0
Throwing       | |  1.0
Armour         | |  2.4
Shields        | |  1.4
Spellcasting   | |  1.1
Conjurations   | |  0.9
Poison Magic   | |  1.3

Action                   || total
-------------------------++-------
Melee: Club              ||    20
       Dagger            ||    36
 Cast: Foxfire           ||     5
 Abil: Spit Poison       ||    17
Armor: Ring mail         ||    16
       Robe              ||     5
Dodge: Dodged            ||    33
Block: Buckler           ||     6
